 Dungeon Crawl Stone Soup version 0.28-a0-413-gde365fb1df (webtiles) character file.

Game seed: 10137210030967564131

217 Zenkrye the Cutter (level 6, 0/37 HPs)
             Began as a Kobold Brigand on Sept 7, 2021.
             Slain by a white imp (1 damage)
             ... on level 4 of the Dungeon.
             The game lasted 00:09:17 (4254 turns).

Zenkrye the Cutter (Kobold Brigand)                 Turns: 4254, Time: 00:09:18

Health: 0/37       AC:  4    Str:  8    XL:     6   Next: 16%
Magic:  6/6        EV: 15    Int: 12    God:
Gold:   87         SH:  0    Dex: 19    Spells: 5/5 levels left

rFire   . . .      SeeInvis .   m - +3 dagger (vamp)
rCold   . . .      Faith    .   (shield restricted)
rNeg    . . .      Spirit   .   b - +0 robe
rPois   .          Reflect  .   (no helmet)
rElec   .          Harm     .   c - +1 cloak
rCorr   .          Rampage  .   (no gloves)
Will    .....                   (no boots)
Stlth   ++++......              (no amulet)
HPRegen 0.12/turn               (no ring)
MPRegen 0.10/turn               (no ring)

@: no status effects
A: small, no large weapons, nightstalker 3
a: no special abilities


You were on level 4 of the Dungeon.
You visited 1 branch of the dungeon, and saw 4 of its levels.

You collected 87 gold pieces.

Inventory:

Hand Weapons
 a - a +2 dagger
 m - a +3 vampiric dagger (weapon)
Missiles
 d - 28 poisoned darts (quivered)
 e - 2 curare-tipped darts
Armour
 b - a +0 robe (worn)
 c - a +1 cloak (worn)
Wands
 h - a wand of flame (24)
 l - a wand of iceblast (10) {@v4}
Scrolls
 i - a scroll of noise {unknown}
 j - a scroll of magic mapping {unknown}
 n - a scroll of fear
 p - a scroll of teleportation {@r3}
Potions
 f - a potion of haste {unknown}
 g - 2 potions of resistance {@q6}
 k - a potion of curing {unknown}
 o - 2 potions of degeneration {unknown}


   Skills:
 + Level 3.2 Fighting
 * Level 6.5 Short Blades
 - Level 2.1 Throwing
 + Level 2.9 Dodging
 + Level 5.3 Stealth


You had 5 spell levels left.
You didn't know any spells.
Your spell library contained the following spells:

 Spells                   Type           Power      Damage    Failure   Level
 Portal Projectile        Hex/Tloc       0%         N/A       69%         3
 Blade Hands              Tmut           0%         N/A       100%        5
 Excruciating Wounds      Necr           0%         N/A       100%        5


Dungeon Overview and Level Annotations

Branches:
Dungeon (4/15)
 Temple: D:4-7

Altars:


Innate Abilities, Weirdness & Mutations

You are small and have problems with some larger weapons.
You are completely attuned to the shadows.


Message History

You hit the white imp but do no damage. You hit the white imp but do no damage.
The white imp misses you.
You hit the white imp.
The white imp is moderately wounded.
The white imp gestures at you. The puff of frost hits you.
You hit the white imp.
The white imp is moderately wounded.
The orc hits you with a +0 dagger.
You barely miss the white imp.
The white imp is moderately wounded.
The white imp hits you. The white imp freezes you.
The orc hits you with a +0 dagger.
You hit the white imp but do no damage.
The white imp is moderately wounded.
The white imp closely misses you.
You barely miss the white imp.
The white imp is moderately wounded.
The orc completely misses you. The white imp gestures at you.
The puff of frost misses you.
You barely miss the white imp.
The white imp is moderately wounded.
The orc barely misses you.
You hit the white imp but do no damage.
The white imp is moderately wounded.
The white imp gestures at you. The puff of frost hits you!
You are too injured to fight recklessly!
You are too injured to fight recklessly!
You are too injured to fight recklessly!
You are too injured to fight recklessly!
You are too injured to fight recklessly!
You hit the orc but do no damage. The orc completely misses you.
The white imp gestures at you. The puff of frost hits you!
* * * LOW HITPOINT WARNING * * *
You barely miss the orc. The orc completely misses you.
You barely miss the orc. The white imp hits you.
You die...

..........
..........
..........
......o...
....$@5...
..........
..........
.........)
..........
.............
.............
.............
.............


You could see a white imp and an orc.

Vanquished Creatures
  A hound (D:4)
  Terence (D:3)
  An orc wizard (D:4)
  5 adders
  2 worms
  6 orcs
  2 ball pythons
  6 endoplasms
  3 giant cockroaches
  10 goblins
  12 hobgoblins
  8 jackals
  4 quokkas
  3 bats
  A frilled lizard (D:2)
  7 kobolds
  5 rats
77 creatures vanquished.

Notes
Turn   | Place    | Note
-------+----------+-------------------------------------------
     0 | D:1      | Zenkrye the Kobold Brigand began the quest for the Orb.
     0 | D:1      | Reached XP level 1. HP: 12/12 MP: 1/1
    79 | D:1      | Reached skill level 3 in Short Blades
   162 | D:1      | Reached XP level 2. HP: 6/17 MP: 2/2
   508 | D:1      | Reached skill level 4 in Short Blades
  1026 | D:2      | Reached XP level 3. HP: 9/21 MP: 3/3
  1536 | D:2      | Reached skill level 5 in Short Blades
  1838 | D:2      | Reached XP level 4. HP: 27/27 MP: 4/4
  2717 | D:3      | Reached XP level 5. HP: 22/31 MP: 5/5
  2872 | D:3      | Noticed Terence
  2877 | D:3      | Killed Terence
  2896 | D:3      | Reached skill level 6 in Short Blades
  3523 | D:3      | Found a faded altar of an unknown god.
  3786 | D:4      | Reached XP level 6. HP: 8/37 MP: 6/6
  4252 | D:4      | HP: 1/37 [white imp/puff of frost (12)]
  4254 | D:4      | Slain by a white imp

Illustrated notes

Levels and vault maps discovered:
D:1:      lemuel_arrival_broad_hall, layout_rooms, minmay_misc_feat_nine_boxes
D:2:      layout_loops_corners, palyth_stone_intersect
D:3:      layout_rooms, shapermc_ecumenical_altar_totnotflames, serial_shops,
          nicolae_shop_stone, chequers_serial_rivers_small_b,
          minmay_diced_spiral, uniq_crazy_yiuf_cottage, uniq_grinder,
          uniq_terence, uniq_robin
D:4:      layout_layer_cave, slow_altar_2, uniq_ijyb

Skill      XL: |  1  2  3  4  5 |
---------------+----------------+-----
Short Blades   | 3 4 5 6 |  6.5
Dodging        | 2 |  2.9
Fighting       | 3 |  3.2
Throwing       | |  2.1
Stealth        | |  5.3

Action                   |  1- 3 |  4- 6 || total
-------------------------+-------+-------++-------
Melee: Dagger            |   112 |   216 ||   328
Throw: Dart              |     4 |     2 ||     6
  Use: Scroll            |       |     6 ||     6
 Stab: Sleeping          |    15 |    15 ||    30
       Distracted        |       |     1 ||     1
Armor: Robe              |    12 |    20 ||    32
Dodge: Dodged            |    72 |   100 ||   172

Table legend: (Time is in decaauts)
 A = Elapsed time spent in this place.
 B = Non-inter-level travel time spent in this place.
 C = Inter-level travel time spent in this place.
 D = Time resting spent in this place.
 E = Time spent auto-exploring this place.
 F = Levels seen in this place.
 G = Mean time per level.
                   A        B        C        D        E       F      G
               +--------+--------+--------+--------+--------+-----+--------+
         Total |   4165 |   4080 |     85 |    394 |   2985 |   4 | 1041.2 |
       Dungeon |   4165 |   4080 |     85 |    394 |   2985 |   4 | 1041.2 |
               +--------+--------+--------+--------+--------+-----+--------+

Top non-repeatable levels by time:
     D:2: 1715 daAuts
     D:1: 967 daAuts
     D:4: 807 daAuts
     D:3: 675 daAuts
